 Dungeon Crawl Stone Soup version 0.31.0-9-g3a7656b989 (webtiles) character file.

Game seed: 13001567668875849586

89173 Esekla the Eclecticist (level 15, 0/70 (76) HPs)
             Began as a Deep Elf Cinder Acolyte on Jan 24, 2024.
             Was a High Priest of Ignis.
             Slain by a purple ugly thing (3 damage)
             ... on level 15 of the Dungeon.
             The game lasted 03:39:40 (29423 turns).

Esekla the Eclecticist (Deep Elf Cinder Acolyte)   Turns: 29423, Time: 03:39:41

HP:   0/70 (76)     AC: 16    Str: 11    XL:     15   Next: 48%
MP:   41/41         EV: 16    Int: 33    God:    Ignis [*****.]
Gold: 1027          SH:  0    Dex: 13    Spells: 17/55 levels left

rFire   + . .        w - +1 dagger (holy)
rCold   . . .        (no shield)
rNeg    . . .        T - +0 troll leather armour
rPois   .            Z - +2 helmet
rElec   .            H - +0 cloak {Stlth+}
rCorr   .            M - +1 pair of gloves {Dex+3}
SInv    .            Q - +2 pair of boots {Stlth+}
Will    +....        I - amulet of magic regeneration
Stlth   +++++        W - +4 ring of protection
HPRegen 1.11/turn    S - +6 ring of intelligence
MPRegen 0.67/turn

%: no passive effects
@: drained
A: no striking features
a: Renounce Religion, Fiery Armour, Foxfire Swarm, Rising Flame


You were on level 15 of the Dungeon.
You worshipped Ignis.
Ignis was extremely pleased with you.
You visited 4 branches of the dungeon, and saw 23 of its levels.
You also visited: Bailey and Ice Cave.

You collected 2172 gold pieces.
You spent 1145 gold pieces at shops.

Inventory:

Hand Weapons
 a - a +3 falchion of flaming
 e - a +2 dagger of electrocution
 f - a -1 falchion of flaming
 r - a +2 vampiric trident
 v - a +2 dagger of venom
 w - a +1 dagger of holy wrath (weapon)
 z - a +4 falchion of freezing
Missiles
 h - 5 silver javelins
 m - 7 curare-tipped darts
 t - 15 boomerangs (quivered)
 X - 17 poisoned darts
Armour
 H - a +0 cloak of stealth (worn)
 K - +0 steam dragon scales
 M - a +1 pair of gloves of dexterity (worn)
 O - a +2 leather armour of poison resistance
 Q - a +2 pair of boots of stealth (worn)
 T - a +0 troll leather armour (worn)
 Z - a +2 helmet (worn)
Jewellery
 b - the ring "Petae" {rPois rN+ Will+ SInv}
   (You acquired it on level 10 of the Dungeon)

   [ring of positive energy]

   rPois:     It protects you from poison rN+: It protects you from negative
   energy.
   Will+:     It increases your willpower.
   SInv:      It lets you see invisible.
 p - a ring of ice
 D - a ring of protection from fire
 I - an amulet of magic regeneration (around neck)
 P - a ring of fire
 S - a +6 ring of intelligence (right hand)
 W - a +4 ring of protection (left hand)
Wands
 y - a wand of roots (28)
 G - a wand of digging (6)
 V - a wand of acid (7)
Scrolls
 d - a scroll of butterflies
 g - 11 scrolls of teleportation
 i - 4 scrolls of revelation
 l - 3 scrolls of enchant weapon
 n - a scroll of brand weapon
 o - 2 scrolls of fear
 u - a scroll of fog
 C - 4 scrolls of blinking
 Y - 2 scrolls of poison
Potions
 c - a potion of brilliance
 k - 5 potions of enlightenment
 x - 3 potions of magic
 A - 2 potions of resistance
 B - 2 potions of berserk rage
 E - 9 potions of ambrosia
 F - 5 potions of heal wounds
 J - 2 potions of haste
 L - 3 potions of curing
 N - 2 potions of attraction
 R - 4 potions of might


   Skills:
 - Level 2.4 Fighting
 + Level 2.8(3.9) Short Blades
 + Level 3.8(4.2) Long Blades
 + Level 1.6 Throwing
 - Level 3.0 Armour
 * Level 11.7 Dodging
 + Level 6.2 Stealth
 * Level 1.6 Shields
 * Level 20.8 Spellcasting
 + Level 7.2 Conjurations
 * Level 9.8 Necromancy
 + Level 3.4 Translocations
 + Level 8.9 Fire Magic
 + Level 6.9 Ice Magic
 + Level 6.6 Air Magic
 * Level 6.5 Earth Magic
 + Level 9.4 Alchemy


You had 17 spell levels left.
You knew the following spells:

 Your Spells              Type           Power      Damage    Failure   Level
b - Blink                 Tloc           100%       N/A       1%          2
c - Mephitic Cloud        Conj/Alch/Air  72%        N/A       1%          3
d - Vampiric Draining     Necr           78%        2d11      1%          3
i - Irradiate             Conj/Alch      36%        3d23      1%          5
l - Lee's Rapid Deconstr  Erth           33%        3d17*     2%          5
o - Scorch                Fire           100%       2d9       1%          2
r - Frozen Ramparts       Ice            100%       1d16      1%          3
v - Mercury Vapours       Alch/Air       100%       N/A       1%          2
x - Olgreb's Toxic Radia  Alch           77%        N/A       1%          4
y - Sticky Flame          Fire/Alch      76%        2d12      1%          4
z - Freezing Cloud        Conj/Ice/Air   34%        6-21      1%          5

Your spell library contained the following spells:

 Spells                   Type           Power      Damage    Failure   Level
 Foxfire                  Conj/Fire      100%       2x1d9     1%          1
 Necrotise                Necr           100%       1d9       1%          1
 Sting                    Conj/Alch      100%       1d9       1%          1
 Cigotuvi's Dreadful Rot  Necr/Alch/Air  100%       N/A       1%          2
 Ensorcelled Hibernation  Hex/Ice        100%       N/A       1%          2
 Lesser Beckoning         Tloc           100%       N/A       1%          2
 Momentum Strike          Conj/Tloc      100%       3d10      1%          2
 Inner Flame              Hex/Fire       59%        N/A       1%          3
 Passwall                 Erth           67%        N/A       1%          3
 Swiftness                Air            68%        N/A       1%          3
 Flame Wave               Conj/Fire      73%        2d16      1%          4
 Leda's Liquefaction      Alch/Erth      36%        N/A       1%          4
 Martyr's Knell           Necr/Summ      61%        N/A       1%          4
 Summon Blazeheart Golem  Fire/Summ      59%        N/A       1%          4
 Curse of Agony           Necr           78%        N/A       1%          5
 Passage of Golubria      Tloc           55%        N/A       2%          4
 Call Canine Familiar     Summ           34%        N/A       3%          3
 Sigil of Binding         Hex            34%        N/A       3%          3
 Tukima's Dance           Hex            34%        N/A       3%          3
 Yara's Violent Unravell  Hex/Alch       30%        3d13      4%          5
 Dimensional Bullseye     Hex/Tloc       22%        N/A       6%          4
 Bombard                  Conj/Erth      34%        9d6       11%         6
 Summon Forest            Summ/Tloc      22%        N/A       16%         5
 Summon Mana Viper        Hex/Summ       34%        N/A       32%         5
 Summon Cactus Giant      Summ           17%        N/A       88%         6
 Ignition                 Fire           37%        3d11      90%         8
 Fire Storm               Conj/Fire      36%        8d9       100%        9


Dungeon Overview and Level Annotations

Branches:
Dungeon (15/15)            Temple (1/1) D:4            Lair (5/5) D:10
  Swamp (0/4) Lair:3       Spider (0/4) Lair:3        Slime (0/5) Lair:5
    Orc (2/2) D:12            Elf (0/3) Orc:2        Vaults (0/5) D:14
 Bailey (visited)           IceCv (visited)
 Depths: D:15

Altars:
Ashenzari
Cheibriados
Dithmenos
Elyvilon
Fedhas
Gozag
Hepliaklqana
Kikubaaqudgha
Makhleb
Nemelex Xobeh
Okawaru
Qazlal
Ru
Sif Muna
Trog
Uskayaw
Vehumet
Wu Jian
Xom
Yredelemnul
Zin
The Shining One
Jiyva

Shops:
D:3 =   D:8 :   D:13 [   Orc:2 [?(=

Portals:
Trove: D:14 (give 8 potions of haste)

Annotations:
D:11 3 runed translucent doors, Hidat's ghost, novice OpSh; Vexag's ghost, novice HOMo
Lair:3 3 runed translucent doors, champdelmundo's ghost, journeyman GrFi


Message History

The laughing skull is blasted with magical radiation!!!
You destroy the laughing skull!
The laughing skull is blasted with magical radiation!
The laughing skull is almost destroyed.
You are very lightly contaminated with residual magic.
The laughing skull burns!
The laughing skull headbutts you but does no damage.
The laughing skull cackles spitefully.
The bolt of negative energy hits you!
You feel drained.
You completely miss the laughing skull.
The laughing skull is almost destroyed.
The laughing skull burns!
The laughing skull gibbers with scorn.
The bolt of negative energy hits you!!
You feel drained.
You hit the laughing skull.
The laughing skull convulses.
You destroy the laughing skull!
You start resting.
Your magical contamination has completely faded away.
You start resting.
Magic restored.
You start resting.
HP restored.
You climb downwards.
The centaur warrior wields a +0 shortbow.
The centaur warrior shoots an arrow.
The arrow hits you!
The orc knight roars a battlecry!
The orc sorcerer goes into a battle-frenzy!
The white ugly thing engulfs you. The white ugly thing freezes you!
The purple ugly thing kicks you but does no damage.
A purple ugly thing comes into view.
The orc sorcerer casts a spell.
The centaur shouts!
You hear a horrible gurgling sound!
An orc comes into view. It is wielding a +0 trident.
There is a stone staircase leading up, spattered with blood here.
The centaur warrior shoots an arrow.
The arrow hits you.
The centaur shoots an arrow.
The arrow hits you but does no damage. The white ugly thing engulfs you!
The white ugly thing freezes you!!
* * * LOW HITPOINT WARNING * * *
The purple ugly thing kicks you.
You die...

......
§☼.......#
....cc
☼~≈.....#
#.....
.≈≈......
#..... . #
≈≈......#
#.....
..#.###........
......
..?...........#
......
..............#
......
.......@...H...
..c...
......uu.)....#
.$..........c?.
....(..........
.......uc..oc..
....##c........
.... o.u...##..
... ....o.. ..


You could see an orc knight (poisoned), 4 ugly things, 2 centaur warriors, a
manticore (poisoned), an orc sorcerer (strong), 2 centaurs and an orc
(wandering, strong).

Vanquished Creatures
  Jorgrun (D:12)
  2 catoblepae
  7 hydras
  7 centaur warriors
  4 boulder beetles
  4 death yaks (Lair:5)
  5 two-headed ogres
  A deep troll shaman (Lair:5)
  2 orc high priests (Orc:2)
  2 tengu warriors
  Urug (D:14)
  A pharaoh ant (Lair:3)
  5 skeletal warriors (D:12)
  A skyshark (Lair:2)
  An arcanist (D:14)
  A bog body (IceCv)
  A lindwurm (Lair:5)
  A deep elf pyromancer (D:13)
  A necromancer (IceCv)
  8 orc knights
  5 ugly things
  5 orc sorcerers
  A manticore (D:14)
  A cyclops (D:13)
  7 elephants (Lair:5)
  9 black mambas
  2 ice statues (IceCv)
  A torpor snail (Lair:2)
  14 cane toads
  2 gargoyles
  5 kobold demonologists (D:12)
  2 freezing wraiths
  A rime drake (Lair:3)
  Maggie (D:7)
  A tengu conjurer (D:13)
  5 ice devils (IceCv)
  6 komodo dragons
  3 anaconda simulacra (IceCv)
  7 trolls
  A queen bee (D:9)
  A hornet (D:9)
  28 blink frogs
  3 slime creatures (D:12)
  3 wraiths
  4 wyverns
  43 yaks
  A yak (shapeshifter) (D:14)
  3 dire elephant simulacra (IceCv)
  5 basilisks
  16 humans (D:14)
  6 wargs
  2 redbacks
  12 vampire mosquitoes
  Menkaure (D:5)
  An acid dragon (D:12)
  4 harpy simulacra (IceCv)
  An acid dragon (shapeshifter) (D:13)
  16 water moccasins
  3 black bears
  2 sky beasts (D:8)
  43 orc warriors
  2 laughing skulls (D:14)
  8 wolves
  6 ogres
  13 centaurs
  11 bullfrogs
  4 kobold brigands (D:12)
  2 gnoll sergeants
  6 scorpions
  5 wights
  2 elephant simulacra (IceCv)
  21 killer bees (D:9)
  5 electric eels
  6 howler monkeys
  4 bombardier beetles
  2 hounds
  14 jellies
  27 orc priests
  A gnoll bouda (D:7)
  5 iguanas
  3 sleepcaps
  55 orc wizards
  2 spriggan simulacra (IceCv)
  3 hell rats (Lair:2)
  A troll simulacrum (IceCv)
  12 gnolls
  4 river rats (Lair:2)
  5 adders
  5 shadow imps
  A white imp (D:8)
  2 ufetubi (D:6)
  3 ribbon worms (D:2)
  116 orcs
  3 ball pythons
  7 bats
  7 endoplasms
  3 giant cockroaches
  7 goblins
  7 hobgoblins
  2 quokkas
  2 frilled lizards (D:1)
  8 kobolds
  12 rats
747 creatures vanquished.

Vanquished Creatures (collateral kills)
  2 killer bees (D:9)
2 creatures vanquished.

Vanquished Creatures (others)
  An ugly thing (D:15)
  An ogre (Orc:2)
  A killer bee (D:9)
3 creatures vanquished.

Grand Total: 752 creatures vanquished

Notes
Turn   | Place    | Note
-------+----------+-------------------------------------------
     0 | D:1      | Esekla the Deep Elf Cinder Acolyte began the quest for the
                  | Orb.
     0 | D:1      | Reached XP level 1. HP: 13/13 MP: 5/5
   443 | D:1      | Reached XP level 2. HP: 18/18 MP: 6/6
   560 | D:1      | Learned a level 2 spell: Scorch
   563 | D:1      | Learned a level 2 spell: Mercury Vapours
   590 | D:1      | Reached skill level 1 in Dodging
  1041 | D:2      | Reached skill level 2 in Spellcasting
  1488 | D:2      | Reached XP level 3. HP: 22/22 MP: 5/8
  1492 | D:2      | Learned a level 3 spell: Mephitic Cloud
  2305 | D:3      | Reached skill level 3 in Spellcasting
  2316 | D:3      | Found Yxkon's Jewellery Shoppe.
  2320 | D:3      | Reached XP level 4. HP: 27/27 MP: 4/10
  2636 | D:3      | Reached skill level 1 in Alchemy
  2839 | D:3      | Reached skill level 1 in Conjurations
  2839 | D:3      | Reached skill level 1 in Air Magic
  3086 | D:3      | Reached skill level 4 in Spellcasting
  3086 | D:3      | Reached XP level 5. HP: 31/31 MP: 6/13
  3241 | D:4      | Found a staircase to the Ecumenical Temple.
  3249 | Temple   | Entered the Ecumenical Temple
  3553 | D:4      | Reached skill level 1 in Stealth
  3591 | D:4      | Noticed a water moccasin
  3596 | D:4      | Killed a water moccasin
  3597 | D:4      | Reached XP level 6. HP: 35/36 MP: 7/15
  3722 | D:4      | Reached skill level 5 in Spellcasting
  4143 | D:5      | Entered Level 5 of the Dungeon
  4187 | D:5      | Noticed Menkaure
  4193 | D:5      | Killed Menkaure
  4270 | D:5      | Reached skill level 1 in Armour
  4270 | D:5      | Reached XP level 7. HP: 27/40 MP: 8/17
  4672 | D:5      | Learned a level 2 spell: Blink
  4896 | D:6      | Noticed a yak
  4905 | D:6      | Noticed a yak
  4910 | D:6      | Noticed a yak
  4948 | D:5      | Killed a yak
  4949 | D:5      | Reached skill level 6 in Spellcasting
  4949 | D:5      | Reached skill level 1 in Translocations
  5765 | D:5      | Killed a yak
  5766 | D:5      | Reached XP level 8. HP: 45/45 MP: 5/20
  5970 | D:6      | Reached skill level 7 in Spellcasting
  6086 | D:6      | Learned a level 4 spell: Sticky Flame
  6376 | D:6      | Reached skill level 5 in Fire Magic
  6604 | D:6      | Reached skill level 8 in Spellcasting
  6749 | D:6      | Learned a level 4 spell: Olgreb's Toxic Radiance
  6838 | D:3      | Bought an amulet of magic regeneration for 300 gold pieces
  7319 | D:7      | Reached skill level 1 in Ice Magic
  7319 | D:7      | Reached XP level 9. HP: 49/49 MP: 19/23
  7322 | D:7      | Reached skill level 1 in Short Blades
  7410 | D:7      | Reached skill level 9 in Spellcasting
  7424 | D:7      | Learned a level 5 spell: Irradiate
  7484 | D:7      | Reached skill level 5 in Dodging
  7863 | D:7      | Noticed Maggie
  7906 | D:7      | Killed Maggie
  8095 | D:7      | Learned a level 3 spell: Vampiric Draining
  8183 | D:8      | Reached skill level 1 in Necromancy
  8341 | D:8      | Found Ozotib's Tiny Tomes.
  8558 | D:8      | Found a hazy altar of Hepliaklqana.
  9003 | D:8      | Reached XP level 10. HP: 54/54 MP: 19/25
  9264 | D:9      | Reached skill level 10 in Spellcasting
  9446 | D:8      | Bought the Folio of the Crevasse for 96 gold pieces
  9450 | D:8      | Learned a level 3 spell: Frozen Ramparts
  9690 | D:9      | Reached skill level 5 in Alchemy
  9694 | D:9      | Reached skill level 5 in Conjurations
  9703 | D:9      | Reached skill level 11 in Spellcasting
 10034 | D:10     | Entered Level 10 of the Dungeon
 10073 | D:10     | Reached skill level 12 in Spellcasting
 10262 | D:10     | Identified the +14 chain mail "Piacvam" {rN++}
 10284 | D:10     | Noticed a two-headed ogre
 10331 | D:10     | Killed a two-headed ogre
 10429 | D:10     | Found a flagged portal.
 10433 | D:10     | Reached XP level 11. HP: 57/58 MP: 23/29
 10446 | Bailey   | Entered a bailey
 10886 | Bailey   | Learned a level 5 spell: Freezing Cloud
 10928 | Bailey   | Noticed an orc knight
 10954 | Bailey   | Killed an orc knight
 11005 | Bailey   | Identified the +2 robe "Sosusuc" {rCorr Int+2 Stlth-}
 11060 | Bailey   | Noticed an orc knight
 11077 | Bailey   | Killed an orc knight
 11364 | D:10     | Reached skill level 13 in Spellcasting
 11385 | D:10     | Found a staircase to the Lair.
 11781 | Lair:1   | Entered Level 1 of the Lair of Beasts
 11844 | Lair:1   | Found a shimmering altar of Xom.
 12534 | Lair:2   | Reached skill level 5 in Necromancy
 12538 | Lair:2   | Reached skill level 14 in Spellcasting
 13048 | Lair:2   | Noticed a seven-headed hydra
 13053 | Lair:2   | Killed a seven-headed hydra
 13054 | Lair:2   | Reached skill level 5 in Ice Magic
 13054 | Lair:2   | Reached XP level 12. HP: 50/64 MP: 8/32
 13183 | Lair:2   | Reached skill level 5 in Air Magic
 13840 | D:3      | Bought a +4 ring of protection for 360 gold pieces
 14128 | Lair:3   | Got the Papyrus of the Brume and Beguiling
 14177 | Lair:3   | Reached skill level 15 in Spellcasting
 14211 | Lair:3   | Found a runed translucent gate.
 14211 | Lair:3   | Found a runed translucent gate.
 14211 | Lair:3   | Found a runed translucent gate.
 14212 | Lair:3   | Found a hole to the Spider Nest.
 14339 | Lair:3   | Noticed champdelmundo's ghost (journeyman GrFi)
 14352 | Lair:3   | Found a viscous altar of Jiyva.
 14549 | Lair:3   | Noticed a five-headed hydra
 14555 | Lair:3   | Killed a five-headed hydra
 14605 | Lair:3   | Found a staircase to the Swamp.
 14723 | Lair:3   | Reached skill level 1 in Earth Magic
 15026 | Lair:3   | Identified the +5 flail of Ellioc {drain, Int+3}
 15463 | Lair:4   | Reached skill level 16 in Spellcasting
 15543 | Lair:4   | Reached XP level 13. HP: 66/68 MP: 26/35
 15824 | Lair:4   | Found a snail-covered altar of Cheibriados.
 16310 | Lair:5   | Entered Level 5 of the Lair of Beasts
 17147 | Lair:5   | Found a viscous altar of Jiyva.
 17148 | Lair:5   | Found a staircase to the Slime Pits.
 17202 | Lair:5   | Reached skill level 1 in Throwing
 17202 | Lair:5   | Reached skill level 17 in Spellcasting
 17849 | Lair:5   | Reached skill level 10 in Dodging
 17857 | Lair:5   | Learned a level 5 spell: Lee's Rapid Deconstruction
 18007 | Lair:5   | Got the Handbook of the Dragon
 18331 | D:11     | Found a runed translucent gate.
 18331 | D:11     | Found a runed translucent gate.
 18331 | D:11     | Found a runed translucent gate.
 18332 | D:11     | Noticed Vexag's ghost (novice HOMo)
 18332 | D:11     | Noticed Hidat's ghost (novice OpSh)
 18933 | D:11     | Reached skill level 18 in Spellcasting
 19689 | D:11     | Reached XP level 14. HP: 66/72 MP: 31/38
 20216 | D:12     | Found a staircase to the Orcish Mines.
 20464 | D:12     | Noticed Jorgrun
 20649 | D:12     | Reached skill level 5 in Stealth
 21062 | D:12     | Reached skill level 5 in Earth Magic
 21404 | D:12     | Killed Jorgrun
 21639 | D:13     | Found a frozen archway.
 21672 | IceCv    | Entered an ice cave
 21859 | IceCv    | Reached skill level 19 in Spellcasting
 23741 | D:13     | Found Kotubb's Armour Boutique.
 24801 | Orc:1    | Entered Level 1 of the Orcish Mines
 25176 | Orc:2    | Entered Level 2 of the Orcish Mines
 25573 | Orc:2    | Found a staircase to the Elven Halls.
 25891 | Orc:2    | Reached XP level 15. HP: 66/76 MP: 31/40
 26010 | Orc:1    | Reached skill level 20 in Spellcasting
 26284 | Orc:2    | Found Aschavahuj's Jewellery Shop.
 26284 | Orc:2    | Found Tolic's Magic Scroll Boutique.
 26535 | Orc:2    | Found Zemubis's Armour Boutique.
 26539 | Orc:2    | Found Eweokaf's Weapon Shop.
 26792 | Orc:2    | Bought a scroll of identify for 28 gold pieces
 26792 | Orc:2    | Bought a scroll of blinking for 105 gold pieces
 26792 | Orc:2    | Bought a scroll of identify for 28 gold pieces
 26792 | Orc:2    | Bought a scroll of fog for 56 gold pieces
 26793 | Orc:2    | Bought a +0 cloak of stealth for 172 gold pieces
 26808 | Orc:2    | Identified a scroll of acquirement
 27323 | D:10     | Acquired the ring "Petae" {rPois rN+ Will+ SInv}
 27404 | D:14     | Noticed Urug
 27404 | D:14     | Found a gate to the Vaults.
 27533 | D:14     | Found a portal to a secret trove of treasure.
 28056 | D:14     | Killed Urug
 28232 | D:14     | Reached skill level 1 in Shields
 28467 | D:15     | Entered Level 15 of the Dungeon
 28531 | D:15     | Found a shimmering altar of Xom.
 29423 | D:15     | HP: 3/70 [white ugly thing (30)]
 29423 | D:15     | Slain by a purple ugly thing

Illustrated notes

Levels and vault maps discovered:
D:1:      sevenhm_arrival_forest_fort_large_2, layout_loops_corners
D:2:      layout_loops_corners
D:3:      layout_rooms, serial_shops, shop
D:4:      layout_loops_ring, minmay_temple_entry_offerings
D:5:      layout_cave_pools, uniq_menkaure
D:6:      layout_layer_cave, minmay_a_box_with_orc_wizards_in_it
D:7:      layout_loops_ring, uniq_maggie
D:8:      layout_gridville, lemuel_doored_altar,
          nicolae_shop_i_like_small_books_too,
          amcnicky_mini_rare_corridor_liquid
D:9:      layout_roguey [special_room_bee]
D:10:     layout_gridville, minmay_lair_entry_grove, enter_bailey_4
D:11:     layout_basic, gammafunk_ghost_cemetery, nooodl_orcs_dogs
D:12:     layout_roguey, david_orc_3, uniq_jorgrun
D:13:     layout_loops_ring, portal_ice_cave_entry_pillars_2, serial_rivers,
          chequers_serial_rivers_large_a, chequers_serial_rivers_marsh,
          chequers_serial_rivers_room_a, chequers_serial_rivers_room_b,
          chequers_serial_rivers_marsh, chequers_serial_rivers_micro_b,
          serial_shops, shop
D:14:     layout_long_grid, david_vaults_3, gauntlet_entry_generic,
          serial_bayou_pond_d, nicolae_trove_entry_isolated
D:15:     gammafunk_enter_depths_forms, layout_cave_pools,
          good_gods_mini_temple, amcnicky_mini_corridor_feature,
          dreamdust_princess_bridge, xom_confusion_cloud
Temple:   minmay_crystal_snake_temple
Lair:1:   layout_chaotic_city, basic_altar, serial_bayou_shore_b,
          grunt_megastairs_2, infiniplex_staircase_pool_2
Lair:2:   layout_roguey, serial_bayou_lagoon_a, kennysheep_abandoned_house
Lair:3:   layout_gridlike, minmay_swamp_entry_reptiles,
          nicolae_spider_entry_lesser_pyramids, gammafunk_ghost_ooze,
          nicolae_lair_grove_arrangements, serial_bayou_pond_d,
          serial_bayou_shore_b
Lair:4:   layout_regular_city, basic_altar, fungi_pond_lemuel
Lair:5:   grunt_lair_end_beastmaster, layout_gridlike,
          minmay_slime_entry_jelly_boxes, nicolae_lair_lil_pond,
          serial_bayou_shore_a
Orc:1:    layout_diamond_mine
Orc:2:    st_orc_mages, layout_diamond_mine

Skill      XL: |  1  2  3  4  5  6  7  8  9 10 11 12 13 14 15 |
---------------+----------------------------------------------+-----
Dodging        | 1 2 3 4 5 6 7 9 10 11 | 11.7
Spellcasting   | 2 3 4 5 6 8 9 12 14 16 18 19 20 | 20.8
Alchemy        | 1 2 3 4 5 6 7 8 9 |  9.4
Conjurations   | 1 2 3 4 5 6 7 |  7.2
Air Magic      | 1 2 3 4 5 6 |  6.6
Fire Magic     | 4 5 6 7 8 |  8.9
Stealth        | 2 3 4 6 |  6.2
Armour         | 1 2 3 |  3.0
Translocations | 1 2 3 |  3.4
Ice Magic      | 1 2 3 5 6 |  6.9
Short Blades   | 1 2 |  2.8
Necromancy     | 2 4 5 7 8 9 |  9.8
Long Blades    | 3 |  3.8
Earth Magic    | 1 4 5 6 |  6.5
Throwing       | 1 |  1.6
Shields        | 1 |  1.6
Fighting       | |  2.4

Action                     |  1- 3 |  4- 6 |  7- 9 | 10-12 | 13-15 || total
---------------------------+-------+-------+-------+-------+-------++-------
  Melee: Falchion          |    56 |     9 |     7 |    48 |    90 ||   210
         Punch             |     1 |       |     1 |     3 |     6 ||    11
         Dagger            |     1 |    14 |   110 |   131 |   224 ||   480
         Trident           |       |       |       |       |     2 ||     2
  Throw: Boomerang         |       |     1 |     6 |    11 |    39 ||    57
         Dart              |       |       |       |       |     4 ||     4
   Cast: Scorch            |    18 |    58 |   123 |   161 |   116 ||   476
         Mercury Vapours   |     9 |     2 |       |     7 |    47 ||    65
         Mephitic Cloud    |       |     1 |    44 |    50 |    76 ||   171
         Blink             |       |       |    16 |    13 |    14 ||    43
         Vampiric Draining |       |       |       |    16 |    75 ||    91
         Olgreb's Toxic Ra |       |       |       |    34 |    58 ||    92
         Frozen Ramparts   |       |       |       |    29 |    43 ||    72
         Freezing Cloud    |       |       |       |    12 |    31 ||    43
         Irradiate         |       |       |       |     2 |    15 ||    17
         Sticky Flame      |       |       |       |     9 |    62 ||    71
         Lee's Rapid Decon |       |       |       |       |     8 ||     8
  Evoke: Wand              |       |       |       |       |     2 ||     2
    Use: Scroll            |       |     2 |     7 |     6 |    18 ||    33
         Potion            |       |       |     1 |       |     5 ||     6
   Stab: Sleeping          |     1 |     1 |     1 |     2 |    13 ||    18
         Confused          |       |     3 |    14 |    11 |    29 ||    57
 Armour: Robe              |    40 |    13 |     5 |       |       ||    58
         Leather armour    |       |       |    60 |    26 |   284 ||   370
         Steam dragon scal |       |       |    12 |   113 |    46 ||   171
         Troll leather arm |       |       |       |       |   105 ||   105
  Dodge: Dodged            |    50 |    15 |    62 |   135 |   386 ||   648
